 Dungeon Crawl Stone Soup version 0.27-a0-1322-gfdffb62a71 (webtiles) character file.

Game seed: 18284849536832603361

3987 Demosthentine the Spear-Bearer (level 10, -4/120 HPs)
             Began as a Merfolk Gladiator on June 22, 2021.
             Was a Follower of the Shining One.
             Slain by Joseph (15 damage)
             ... on level 8 of the Dungeon.
             The game lasted 00:08:48 (9298 turns).

Demosthentine the Spear-Bearer (Merfolk Gladiator)  Turns: 9298, Time: 00:08:49

Health: -4/120     AC:  3    Str: 22    XL:     10   Next: 22%
Magic:  10/10      EV: 17    Int:  8    God:    the Shining One [*.....]
Gold:   284        SH:  0    Dex: 17    Spells: 9/9 levels left

rFire    . . .     SeeInvis .   a - +1 trident (vorpal)
rCold    . . .     Faith    .   (no shield)
rNeg     + . .     Spirit   .   b - +0 leather armour
rPois    .         Reflect  .   c - +0 helmet
rElec    .         Harm     .   (no cloak)
rCorr    .         Rampage  .   f - +1 pair of gloves
Will     .....                  (no boots)
Stlth    ..........             r - amulet of magic regeneration
HPRegen  0.30/turn              p - +6 ring of strength
MPRegen  0.37/turn              s - ring of positive energy

@: berserking (expiring), corroded, glowing, very quick
A: (nimble swimmer 2), mertail
a: Renounce Religion


You were on level 8 of the Dungeon.
You worshipped the Shining One.
The Shining One was aware of your devotion.
You visited 2 branches of the dungeon, and saw 9 of its levels.

You collected 284 gold pieces.

Inventory:

Hand Weapons
 a - a +1 vorpal trident (weapon)
Missiles
 j - 2 curare-tipped darts (quivered)
Armour
 b - a +0 leather armour (worn)
 c - a +0 helmet (worn)
 f - a +1 pair of gloves (worn)
Jewellery
 p - a +6 ring of strength (left hand)
 r - an amulet of magic regeneration (around neck)
 s - a ring of positive energy (right hand)
Wands
 e - a wand of mindburst (4)
 k - a wand of polymorph (6)
 q - a wand of iceblast (12)
 u - a wand of acid (8)
Scrolls
 g - 2 scrolls of identify
 n - a scroll of blinking
 t - a scroll of brand weapon
 v - 2 scrolls of vulnerability
 x - 2 scrolls of enchant weapon
Potions
 h - 3 potions of curing
 i - a potion of mutation
 l - a potion of magic
 m - a potion of cancellation
 o - 3 potions of haste
 w - a potion of might


   Skills:
 + Level 8.2 Fighting
 + Level 11.1 Polearms
 - Level 2.0 Throwing
 + Level 5.4 Armour
 + Level 10.2 Dodging


You had 9 spell levels left.
You didn't know any spells.
Your spell library contained the following spells:

 Spells                   Type           Power      Damage    Failure   Level
 Animate Skeleton         Necr           0%         N/A       45%         1
 Apportation              Tloc           0%         N/A       45%         1
 Corona                   Hex            0%         N/A       45%         1
 Foxfire                  Conj/Fire      0%         2x1d4     45%         1
 Shock                    Conj/Air       0%         1d3       45%         1
 Summon Small Mammal      Summ           0%         N/A       45%         1
 Ensorcelled Hibernation  Hex/Ice        0%         N/A       58%         2
 Static Discharge         Conj/Air       0%         N/A       58%         2
 Confusing Touch          Hex            0%         N/A       83%         3
 Conjure Flame            Conj/Fire      0%         6-21      83%         3
 Dazzling Flash           Conj/Hex       0%         N/A       83%         3
 Inner Flame              Hex/Fire       0%         N/A       83%         3
 Swiftness                Air            0%         N/A       83%         3
 Tukima's Dance           Hex            0%         N/A       83%         3
 Airstrike                Air            0%         N/A       99%         4
 Cause Fear               Hex            0%         N/A       99%         4
 Sticky Flame             Conj/Fire      0%         2d3       99%         4
 Fireball                 Conj/Fire      0%         3d3       100%        5
 Lightning Bolt           Conj/Air       0%         1d11      100%        5
 Silence                  Hex/Air        0%         N/A       100%        5
 Yara's Violent Unravell  Hex/Tmut       0%         3d3       100%        5
 Discord                  Hex            0%         N/A       100%        8


Dungeon Overview and Level Annotations

Branches:
Dungeon (8/15)             Temple (1/1) D:4
   Lair: D:8-11

Altars:
Ashenzari
Cheibriados
Dithmenos
Elyvilon
Fedhas
Gozag
Kikubaaqudgha
Makhleb
Nemelex Xobeh
Okawaru
Qazlal
Ru
Sif Muna
Trog
Uskayaw
Vehumet
Wu Jian
Xom
Yredelemnul
Zin
The Shining One

Shops:
D:7 (

Annotations:
D:5 3 runed translucent doors, pkoi's ghost, amateur MiGl
D:8 Joseph


Innate Abilities, Weirdness & Mutations

((You are quick and stealthy near water. (Stealth+, EV+, Speed+++)))
Your lower body shifts to a powerful aquatic tail in water.


Message History

Joseph shoots a sling bullet.
The sling bullet barely misses you. The acid dragon spits acid at you.
The splash of acid hits you. The acid corrodes you!
You are splashed with acid!
The acid dragon spits acid at you. The splash of acid hits you!
You are splashed with acid!
Joseph shoots a sling bullet.
The sling bullet hits you! The sling bullet freezes you.
Joseph shoots a sling bullet.
The sling bullet completely misses you.
Okay, then.
Okay, then.
Joseph unwields a +0 hunting sling of freezing.
Joseph wields a +0 quarterstaff.
Joseph completely misses you.
You feel better. Joseph hits you with a +0 quarterstaff.
A red film seems to cover your vision as you go berserk!
You feel yourself moving faster!
You feel mighty!
Joseph hits you with a +0 quarterstaff!!
* * * LOW HITPOINT WARNING * * *
You puncture Joseph!
Joseph is lightly wounded.
You puncture Joseph!
Joseph is moderately wounded.
Joseph hits you with a +0 quarterstaff!
* * * LOW HITPOINT WARNING * * *
You barely miss Joseph.
Joseph is moderately wounded.
You hit Joseph but do no damage.
Joseph is moderately wounded.
Joseph hits you with a +0 quarterstaff! The Shining One protects you from harm!
You puncture Joseph!
Joseph is heavily wounded.
You barely miss Joseph.
Joseph is heavily wounded.
Joseph misses you.
You barely miss Joseph.
Joseph is heavily wounded.
You puncture Joseph!
Joseph is severely wounded.
Joseph hits you with a +0 quarterstaff!
You die...

### #.... #####........ ..#
#...##.....####.#. #.###
#.#....##### #.... #...##
#.##..## ##.#.. ###..### #.#...#
#..... ##...# ####.#.#....#
#.....
######.######...D..####.####.....
...###........##@### ..#......
.......<########@.# #...##...
.....##...# ##.# ###.###..
.............####.# #.####.
.....####.........# #...#..
.....# ##.#####.......# #.#...<
.....# ...####......###.....#
....#########..####.....#....#...
..........................#.###..
.....#######........#######.....#


You could see Joseph and an acid dragon.

Vanquished Creatures
  A troll (D:6)
  Prince Ribbit (D:6)
  Sigmund (D:2)
  A wyvern (D:7)
  Grum (D:8)
  A water moccasin (D:8)
  A sky beast (D:5)
  A black bear (D:6)
  An ice beast (D:7)
  An ogre (D:7)
  A necrophage (D:6)
  4 wolves
  3 centaurs
  3 bullfrogs
  A gnoll sergeant (D:3)
  4 scorpions
  5 killer bees (D:7)
  A howler monkey (D:3)
  4 wights (D:6)
  A centaur zombie (D:6)
  4 hounds
  4 jellies
  2 orc priests
  Natasha (thrice) (D:2)
  4 orc wizards
  A killer bee zombie (D:7)
  2 hound skeletons (D:5)
  A howler monkey zombie (D:8)
  14 gnolls
  A howler monkey skeleton (D:2)
  3 adders
  A white imp (D:8)
  2 adder skeletons
  4 worms
  5 dart slugs
  19 orcs
  7 bats
  A bat skeleton (D:2)
  8 endoplasms
  7 giant cockroaches
  9 goblins
  7 hobgoblins
  21 jackals
  10 kobolds
  4 quokkas
  4 ball pythons
  2 frilled lizards
  6 rats
193 creatures vanquished.

Vanquished Creatures (others)
  Psyche (D:8)
  13 plants
  2 withered plants (D:2)
16 creatures vanquished.

Grand Total: 209 creatures vanquished

Notes
Turn   | Place    | Note
-------+----------+-------------------------------------------
     0 | D:1      | Demosthentine the Merfolk Gladiator began the quest for the
                  | Orb.
     0 | D:1      | Reached XP level 1. HP: 16/16 MP: 1/1
    89 | D:1      | Reached XP level 2. HP: 19/23 MP: 2/2
   752 | D:1      | Reached XP level 3. HP: 28/28 MP: 3/3
   909 | D:1      | Found a faded altar of an unknown god.
   936 | D:1      | Reached skill level 1 in Armour
  1135 | D:1      | Reached skill level 5 in Polearms
  1304 | D:2      | Reached XP level 4. HP: 29/35 MP: 4/4
  1719 | D:2      | Found a bloodstained altar of Trog.
  1879 | D:2      | Reached skill level 5 in Dodging
  1980 | D:2      | Noticed Natasha
  1993 | D:2      | Killed Natasha
  1994 | D:2      | Reached XP level 5. HP: 13/41 MP: 5/5
  2328 | D:2      | Noticed Sigmund
  2340 | D:2      | Killed Sigmund
  2341 | D:2      | Reached skill level 6 in Polearms
  2341 | D:2      | Reached XP level 6. HP: 34/48 MP: 6/6
  2454 | D:2      | Noticed Natasha
  2459 | D:2      | Killed Natasha
  2484 | D:2      | Noticed Natasha
  2488 | D:2      | Killed Natasha
  2915 | D:3      | Reached XP level 7. HP: 35/55 MP: 7/7
  3189 | D:3      | Reached skill level 7 in Polearms
  3920 | D:4      | Found a hide-covered altar of Uskayaw.
  3969 | D:4      | Found a staircase to the Ecumenical Temple.
  4012 | Temple   | Entered the Ecumenical Temple
  4024 | Temple   | Became a worshipper of the Shining One
  4175 | D:4      | Found a basalt altar of Yredelemnul.
  4206 | D:4      | Identified the +12 flail of Governance {drain, rElec Int+3
                  | SInv}
  4395 | D:4      | Reached skill level 5 in Fighting
  4737 | D:5      | Entered Level 5 of the Dungeon
  4835 | D:5      | Reached XP level 8. HP: 55/62 MP: 8/8
  5255 | D:5      | Noticed pkoi's ghost (amateur MiGl)
  5260 | D:5      | Found a runed translucent gate.
  5260 | D:5      | Found a runed translucent gate.
  5261 | D:5      | Found a runed translucent gate.
  5469 | D:5      | Reached skill level 8 in Polearms
  5507 | D:5      | Found a burning altar of Makhleb.
  5935 | D:6      | Reached * piety under the Shining One
  6225 | D:6      | Noticed a troll
  6241 | D:6      | Killed a troll
  6242 | D:6      | Reached skill level 9 in Polearms
  6242 | D:6      | Reached XP level 9. HP: 8/71 MP: 9/9
  6842 | D:6      | Noticed Prince Ribbit
  6853 | D:6      | Killed Prince Ribbit
  7687 | D:7      | Reached skill level 10 in Polearms
  8367 | D:7      | Found Bovvill's Antique Weapon Shop.
  8442 | D:7      | Found a stormy altar of Qazlal.
  8442 | D:7      | Found an opulent altar of Gozag.
  8617 | D:8      | Reached skill level 5 in Armour
  8626 | D:8      | Reached XP level 10. HP: 40/80 MP: 10/10
  8636 | D:8      | Noticed Grum
  8866 | D:8      | Killed Grum
  8867 | D:8      | Reached skill level 10 in Dodging
  9127 | D:8      | Noticed Psyche
  9141 | D:8      | Killed Psyche
  9142 | D:8      | Reached skill level 11 in Polearms
  9275 | D:8      | Noticed Joseph
  9294 | D:8      | The Shining One protects you from harm!
  9298 | D:8      | Slain by Joseph

Illustrated notes

Levels and vault maps discovered:
D:1:      minmay_arrival_plants_in_alcoves, layout_loops_ring,
          basic_ecumenical_altar, minmay_split_cup_large
D:2:      layout_loops_ring, basic_altar, serial_undead, serial_undead_c,
          serial_undead_f, serial_undead_b, serial_undead_f, chequers_big_river,
          uniq_sigmund, uniq_natasha
D:3:      layout_rooms, minmay_ruptured
D:4:      layout_cave_pools, eat_drink_and_be_merry_uskayaw, old_standard_altar,
          minmay_temple_entry_hall
D:5:      layout_loops_ring, makhleb_heckhound_becter,
          ebering_ghost_rock_garden, serial_glass, glass_columns_b,
          glass_columns_a
D:6:      layout_loops_corners, kennysheep_generic_room_16, uniq_prince_ribbit1
D:7:      layout_gridville, amethyst_overflow_temple_binary, serial_shops, shop
D:8:      layout_rooms, minmay_statues_item, uniq_psyche, uniq_joseph, uniq_grum
Temple:   lightli_temple_of_artemis

Skill      XL: |  1  2  3  4  5  6  7  8  9 10 |
---------------+-------------------------------+-----
Armour         | 1 2 3 4 5 |  5.4
Polearms       | 5 6 7 9 10 11 | 11.1
Fighting       | 3 4 5 6 7 8 |  8.2
Dodging        | 5 6 8 9 10 | 10.2
Throwing       | |  2.0

Action                   |  1- 3 |  4- 6 |  7- 9 | 10-12 || total
-------------------------+-------+-------+-------+-------++-------
Melee: Trident           |   128 |   139 |   378 |    50 ||   695
       Tailslap          |     2 |       |       |       ||     2
Throw: Throwing net      |       |     1 |     2 |     2 ||     5
  Use: Scroll            |     2 |     1 |    13 |       ||    16
       Potion            |       |       |     1 |     2 ||     3
 Stab: Sleeping          |     2 |     4 |       |       ||     6
       Distracted        |     1 |     1 |       |       ||     2
Armor: Leather armour    |    26 |    18 |    59 |     2 ||   105
Dodge: Dodged            |    69 |    48 |   259 |    23 ||   399

Table legend: (Time is in decaauts)
 A = Elapsed time spent in this place.
 B = Non-inter-level travel time spent in this place.
 C = Inter-level travel time spent in this place.
 D = Time resting spent in this place.
 E = Time spent auto-exploring this place.
 F = Levels seen in this place.
 G = Mean time per level.
                   A        B        C        D        E       F      G
               +--------+--------+--------+--------+--------+-----+--------+
         Total |   9245 |   9113 |    132 |    502 |   7274 |   9 | 1027.2 |
       Dungeon |   9124 |   8993 |    131 |    502 |   7169 |   8 | 1140.5 |
        Temple |    121 |    121 |      0 |      0 |    105 |   1 |  121.0 |
               +--------+--------+--------+--------+--------+-----+--------+

Top non-repeatable levels by time:
     D:6: 1802 daAuts
     D:1: 1435 daAuts
     D:2: 1433 daAuts
     D:7: 1149 daAuts
     D:5: 1069 daAuts
     D:3: 964 daAuts
     D:4: 777 daAuts
     D:8: 491 daAuts
  Temple: 121 daAuts
